Map: Winter's Gate LE

Players

FrIsTaYl

  • Race: Zerg Zerg
  • League: Diamond
  • Spawn Location: 11:00

NoStormPls - Winner!

  • Race: Terran Terran
  • League: Gold
  • Spawn Location: 5:00

VOD

Have the link to the VOD?

Description

Time

  • Played on: Sept. 1, 2019, 1:27 p.m.
  • Length: 16:26
Show
View Real Time Build Order
Export as new Build Order

FrIsTaYl Zerg 

Build Orders: Hatch First, Muta Ling Bane 

Get SALT Encoding   

  12  0:02  Drone  
  13  0:13  Overlord  
  13  0:17  Drone  
  14  0:31  Drone x2  
  17  0:35  Drone  
  17  0:52  Hatchery  
  17  0:57  Drone  
  17  1:11  Spawning Pool  
  16  1:14  Drone  
  16  1:17  Drone  
  18  1:21  Extractor  
  18  1:24  Overlord  
  17  1:42  Drone x2  
  19  1:57  Queen  
  19  1:58  Zergling x2  
  22  2:02  Zergling x2  
  22  2:04  Queen  
  22  2:05  Drone  
  26  2:11  Drone  
  27  2:17  Drone  
  27  2:22  Extractor  
  27  2:24  Drone  
  28  2:30  Metabolic Boost  
  28  2:36  Drone  
  29  2:38  Drone  
  29  2:42  Drone  
  31  2:49  Drone  
  33  2:51  Drone  
  33  2:53  Queen  
  33  2:55  Overlord  
  35  3:03  Drone  
  36  3:07  Overlord  
  36  3:12  Baneling Nest  
  35  3:14  Lair  
  35  3:17  Drone  
  35  3:19  Drone  
  37  3:21  Drone  
  37  3:24  Drone  
  39  3:28  Drone  
  39  3:34  Drone x3  
  42  3:40  Drone  
  44  3:43  Zergling x2  
  45  3:51  Zergling x6  
  48  3:56  Baneling  
  48  3:57  Baneling x3  
  48  4:00  Drone  
  49  4:03  Drone x2  
  49  4:04  Zergling x2  
  49  4:21  Drone x2  
  49  4:22  Drone  
  49  4:32  Extractor x2  
  47  4:46  Overlord x3, Hatchery  
  47  4:47  Zergling x8  
  47  4:48  Drone  
  47  4:51  Overlord x2  
  51  4:55  Centrifical Hooks, Spire  
  50  5:03  Drone  
  50  5:04  Drone  
  50  5:05  Drone  
  50  5:07  Drone x2  
  55  5:16  Drone x2  
  57  5:25  Overseer  
  57  5:26  Overseer x2, Evolution Chamber x2  
  55  5:28  Drone  
  56  5:38  Zergling x2  
  56  5:39  Zergling x4  
  59  6:08  Drone  
  59  6:10  Mutalisk x6  
  59  6:11  Mutalisk  
  72  6:12  Drone x4  
  78  6:23  Baneling x3  
  78  6:27  Zerg Melee Weapons Level 1  
  78  6:32  Drone x3  
  81  6:33  Drone x4  
  85  6:43  Mutalisk x2, Overlord  
  75  7:04  Mutalisk x2  
  64  7:24  Mutalisk  
  64  7:26  Zergling x6  
  64  7:27  Zergling x12  
  64  7:28  Zergling x2  
  75  7:37  Drone x2  
  75  7:38  Drone x3  
  77  7:49  Baneling x6  
  77  7:50  Baneling x2  
  77  7:57  Extractor  
  76  7:59  Extractor  
  76  8:01  Queen  
  77  8:08  Overlord, Queen, Extractor  
  78  8:15  Drone x5  
  78  8:16  Drone x3  
  86  8:23  Mutalisk  
  88  8:29  Infestation Pit  
  88  8:33  Drone  
  88  8:34  Mutalisk  
  88  8:36  Overlord x3  
  90  8:47  Mutalisk x2  
  94  8:49  Zergling x2  
  94  8:53  Hatchery  
  94  8:54  Drone  
  94  8:55  Zerg Ground Armor Level 1  
  95  9:00  Zergling x4  
  95  9:01  Zergling x8  
  101  9:07  Drone  
  102  9:18  Mutalisk x3  
  102  9:21  Drone  
  102  9:24  Drone x6  
  112  9:25  Drone  
  116  9:51  Mutalisk  
  116  9:52  Mutalisk, Zergling x2  
  121  9:53  Zergling x4  
  121  9:56  Baneling  
  121  9:57  Baneling x6  
  121  9:58  Baneling x3  
  123  10:03  Hive  
  123  10:09  Mutalisk x3, Zergling x6  
  123  10:10  Overlord  
  123  10:11  Zergling x12  
  123  10:12  Zergling x2  
  139  10:21  Overseer x2  
  139  10:30  Spore Crawler  
  139  10:35  Spore Crawler  
  137  10:38  Spore Crawler  
  137  10:42  Drone x3  
  139  10:45  Drone x3  
  139  10:46  Mutalisk x3, Drone x4  
  139  10:48  Overlord x3  
  152  10:52  Zerg Melee Weapons Level 2  
  152  11:03  Overlord x4  
  137  11:30  Zergling x10  
  137  11:31  Zergling x2  
  143  11:32  Drone  
  143  11:33  Drone x7  
  143  11:34  Drone x7  
  143  11:35  Drone  
  158  11:43  Zerg Ground Armor Level 2  
  158  11:44  Ultralisk Cavern  
  157  11:53  Greater Spire  
  157  12:00  Extractor  
  156  12:01  Extractor  
  156  12:02  Spine Crawler  
  154  12:09  Spine Crawler x2  
  152  12:18  Spine Crawler  
  152  12:19  Spine Crawler  
  152  12:22  Spine Crawler  
  149  12:24  Spine Crawler  
  149  12:27  Spine Crawler  
  147  12:31  Chitinous Plating  
  147  12:33  Ultralisk x3  
  165  12:38  Ultralisk  
  171  12:45  Ultralisk  
  177  12:53  Drone  
  177  12:54  Drone x6  
  177  12:56  Overseer  
  177  12:57  Pneumatized Carapace  
  184  13:02  Baneling x2  
  184  13:03  Baneling x6  
  184  13:11  Corruptor x2  
  188  13:14  Corruptor  
  188  13:19  Drone x4  
  194  13:44  Hatchery  
  194  13:46  Zerg Melee Weapons Level 3  
  194  13:48  Ultralisk  
  199  13:49  Overlord  
  199  13:50  Overlord x2  
  199  13:53  Zerg Flyer Weapons Level 1  
  199  13:59  Overseer x2  
  199  14:48  Overlord x2  
  199  14:49  Overlord  
  199  14:53  Anabolic Synthesis  
  143  15:39  Corruptor x2  
  143  15:40  Corruptor x5  
Show
View Real Time Build Order
Export as new Build Order

NoStormPls Terran - Winner!

Build Orders: Gas First Reaper Expand, Hellion Opening 

Get SALT Encoding   

  12  0:01  SCV  
  13  0:13  SCV  
  14  0:17  Supply Depot  
  14  0:25  SCV  
  14  0:27  Refinery  
  15  0:38  SCV  
  16  0:45  Barracks  
  16  0:50  SCV  
  17  1:02  SCV  
  18  1:14  SCV  
  19  1:31  Orbital Command  
  19  1:32  Reaper  
  20  1:42  Command Center  
  20  1:53  Factory  
  20  1:58  SCV  
  21  2:08  Barracks Reactor  
  21  2:10  Supply Depot  
  21  2:14  SCV  
  22  2:18  Refinery  
  22  2:26  SCV  
  23  2:38  SCV  
  24  2:52  Hellion x2  
  24  2:55  Supply Depot  
  24  2:57  Orbital Command  
  28  3:02  SCV  
  29  3:12  Barracks Tech Lab  
  29  3:14  SCV, Hellion x2  
  34  3:25  SCV  
  34  3:26  SCV  
  38  3:34  Marauder  
  38  3:35  Hellion x2, Concussive Shells  
  38  3:37  SCV  
  38  3:39  SCV  
  44  3:42  Supply Depot  
  44  3:51  SCV x2  
  46  3:56  Hellion  
  46  3:57  Hellion  
  46  3:59  Marauder  
  52  4:03  SCV x2  
  52  4:22  Hellion x2  
  49  4:24  Marauder  
  51  4:32  Ghost Academy  
  51  4:36  SCV  
  52  4:39  Starport  
  52  4:43  Hellion x2  
  56  4:47  Marauder  
  56  4:48  Supply Depot  
  58  4:54  SCV x2  
  60  5:02  Supply Depot  
  60  5:04  Hellion  
  62  5:09  SCV, Ghost, Hellion  
  62  5:13  SCV  
  68  5:19  Medivac, Armory  
  70  5:26  Supply Depot x2, Hellion  
  72  5:31  Hellion, Supply Depot  
  75  5:39  Ghost  
  76  5:49  Medivac  
  78  5:54  Supply Depot  
  78  5:56  Supply Depot  
  78  5:58  Hellion, Supply Depot  
  78  5:59  Hellion  
  82  6:08  Ghost  
  84  6:17  Supply Depot  
  84  6:20  Hellion x2  
  88  6:26  Medivac  
  90  6:36  Ghost  
  92  6:40  Refinery x2  
  86  7:07  Widow Mine x2  
  86  7:11  Viking, Engineering Bay  
  48  7:50  Widow Mine x2  
  52  7:57  Ghost  
  54  8:04  Personal Cloaking  
  54  8:16  Missile Turret  
  54  8:26  Ghost  
  56  8:28  Hellion  
  56  8:29  Hellion, Viking  
  56  8:32  Command Center  
  56  8:33  Command Center  
  62  8:36  Missile Turret  
  62  8:37  Factory  
  62  8:45  Command Center  
  62  8:48  SCV x2  
  64  8:50  Hellion x2  
  64  8:54  Ghost  
  70  8:59  Viking  
  70  9:00  SCV x2  
  74  9:07  Factory  
  74  9:11  Hellion x2  
  79  9:23  Factory Tech Lab  
  78  9:26  Ghost  
  80  9:32  Hellion  
  80  9:33  Hellion  
  84  9:42  Terran Vehicle Weapons Level 1  
  84  9:44  Refinery  
  84  9:46  Refinery  
  84  9:51  Factory  
  84  9:52  Orbital Command  
  84  9:54  Hellion x2  
  84  9:55  Ghost  
  84  9:58  Orbital Command  
  90  10:01  Orbital Command  
  90  10:04  SCV x2  
  92  10:07  Starport Reactor  
  92  10:08  Thor  
  98  10:16  SCV x2  
  100  10:24  Ghost  
  102  10:30  SCV x2  
  102  10:31  SCV  
  102  10:32  SCV x2  
  107  10:40  Refinery  
  107  10:41  Hellion  
  107  10:42  Hellion  
  111  10:44  Infernal Pre-Igniter  
  111  10:46  Viking x2  
  115  10:52  Ghost  
  117  11:03  Hellion x2  
  119  11:24  Hellion  
  119  11:25  Hellion  
  115  11:31  Factory Tech Lab x2  
  115  11:32  Thor  
  111  11:33  Ghost  
  113  11:45  Hellion  
  113  11:46  Hellion  
  117  11:52  SCV  
  118  11:58  Refinery  
  118  12:01  Ghost  
  118  12:02  SCV, Refinery  
  118  12:04  SCV  
  122  12:14  SCV, Thor  
  129  12:16  SCV  
  129  12:20  Missile Turret  
  129  12:22  Nuke  
  130  12:23  Terran Vehicle Weapons Level 2  
  130  12:26  SCV  
  130  12:28  SCV  
  132  12:30  Ghost  
  132  12:34  Refinery  
  134  12:38  SCV  
  134  12:40  SCV  
  136  12:49  SCV x2  
  136  12:51  SCV  
  139  12:53  SCV  
  140  12:58  Ghost  
  140  13:01  Hellion  
  140  13:02  Hellion  
  140  13:05  SCV  
  147  13:10  Thor x3  
  165  13:23  Hellion x2  
  169  13:27  Ghost  
  171  13:35  Command Center, Starport  
  171  13:38  Starport  
  171  13:39  Starport, Starport Tech Lab  
  171  13:40  Starport  
  171  13:44  Fusion Core, Hellion x2  
  175  13:55  Ghost  
  175  13:59  Thor  
  175  14:00  Thor  
  189  14:05  Hellion  
  191  14:14  Starport  
  189  14:18  Starport  
  189  14:24  Ghost, Thor  
  196  14:57  Armory  
  196  15:37  Command Center  
  196  15:38  Command Center  
Tags
 
Add a new tag
Caveats
  • Supply blocks, unpowered buildings, or Contaminate may cause inaccurate times.
  • Supply counts are checked every 10 seconds.